 Dungeon Crawl Stone Soup version 0.29.1-15-g9cfb28693d (webtiles) character file.

Game seed: 4590821558247177683

3104 wingedge the Purveyor of Pain (level 10, -3/71 HPs)
             Began as a Human Necromancer on Mar 17, 2023.
             Was an Initiate of Kikubaaqudgha.
             Slain by a gnoll
             ... wielding a +0 spear
             ... led by a gnoll bouda
              (7 damage)
             ... on level 8 of the Dungeon.
             The game lasted 00:47:32 (9142 turns).

wingedge the Purveyor of Pain (Human Necromancer)   Turns: 9142, Time: 00:47:32

Health: -3/71      AC:  9    Str:  9    XL:     10   Next: 13%
Magic:  1/17       EV: 11    Int: 20    God:    Kikubaaqudgha [......]
Gold:   158        SH:  3    Dex: 13    Spells: 5/19 levels left

rFire   . . .      SeeInvis +   z - +2 whip (pain)
rCold   . . .      Faith    .   a - +0 buckler
rNeg    . . .      Spirit   .   I - +0 steam dragon scales
rPois   .          Reflect  .   o - +1 helmet
rElec   .          Harm     .   (no cloak)
rCorr   .          Rampage  .   (no gloves)
Will    .....                   q - +1 pair of boots
Stlth   +++.......              (no amulet)
HPRegen 0.21/turn               L - ring of see invisible
MPRegen 0.15/turn               (no ring)

@: no status effects
A: no striking features
a: Renounce Religion


You were on level 8 of the Dungeon.
You worshipped Kikubaaqudgha.
Kikubaaqudgha was noncommittal.
You visited 2 branches of the dungeon, and saw 9 of its levels.

You collected 228 gold pieces.
You spent 70 gold pieces at shops.

Inventory:

Hand Weapons
 f - a +1 dagger of venom
 m - a +1 dagger of protection
 v - a +1 trident of distortion
 z - a +2 whip of pain (weapon)
 A - a +1 short sword of electrocution
 G - a +6 dagger
Missiles
 b - 5 boomerangs (quivered)
 t - a throwing net
 y - 11 poisoned darts
Armour
 a - a +0 buckler (worn)
 o - a +1 helmet (worn)
 q - a +1 pair of boots (worn)
 I - +0 steam dragon scales (worn)
Magical Staves
 g - a staff of conjuration
Jewellery
 L - a ring of see invisible (left hand)
Wands
 h - a wand of mindburst (1)
 B - a wand of digging (5)
 F - a wand of paralysis (12)
Scrolls
 d - a scroll of torment
 e - 2 scrolls of magic mapping
 j - 4 scrolls of enchant weapon
 k - a scroll of amnesia
 w - a scroll of fear {unknown}
 x - 2 scrolls of vulnerability
 D - a scroll of acquirement {unknown}
 E - a scroll of poison {unknown}
 H - a scroll of noise {unknown}
 J - a scroll of teleportation {unknown}
Potions
 c - 4 potions of curing
 l - 2 potions of lignification {unknown}
 n - a potion of flight {unknown}
 p - 2 potions of might {unknown}
 r - a potion of haste {unknown}
 s - a potion of resistance {unknown}
 u - a potion of invisibility {unknown}
 K - a potion of mutation {unknown}


   Skills:
 - Level 4.0 Fighting
 - Level 2.0 Dodging
 - Level 5.0 Stealth
 - Level 5.0 Spellcasting
 - Level 6.0 Conjurations
 + Level 7.0 Necromancy
 - Level 7.0 Earth Magic


You had 5 spell levels left.
You knew the following spells:

 Your Spells              Type           Power      Damage    Failure   Level
a - Necrotise             Necr           100%       1d9       1%          1
b - Vampiric Draining     Necr           33%        2d8       2%          3
c - Sandblast             Erth           66%        2d15      1%          1
d - Stone Arrow           Conj/Erth      62%        3d10      3%          3
e - Animate Dead          Necr           33%        N/A       9%          4
f - Sublimation of Blood  Necr           33%        N/A       1%          2

Your spell library contained the following spells:

 Spells                   Type           Power      Damage    Failure   Level
 Passwall                 Tmut/Erth      15%        N/A       5%          2
 Conjure Flame            Conj/Fire      17%        6-21      14%         3
 Poisonous Vapours        Pois/Air       10%        N/A       24%         2
 Agony                    Necr           33%        N/A       24%         5
 Petrify                  Tmut/Erth      19%        N/A       36%         4
 Sticky Flame             Conj/Fire      17%        2d4       41%         4
 Ignite Poison            Fire/Tmut/Pois 5%         N/A       43%         3
 Corpse Rot               Necr/Pois/Air  14%        N/A       52%         4
 Irradiate                Conj/Tmut      8%         3d14      77%         5


Dungeon Overview and Level Annotations

Branches:
Dungeon (8/15)             Temple (1/1) D:6            Lair (0/5) D:8

Altars:
Ashenzari
Cheibriados
Elyvilon
Fedhas
Gozag
Kikubaaqudgha
Makhleb
Nemelex Xobeh
Okawaru
Qazlal
Ru
Sif Muna
Trog
Uskayaw
Vehumet
Wu Jian
Xom
Yredelemnul
Zin
The Shining One

Shops:
D:2 !

Annotations:
D:3 1 runed translucent door, Crazy Yiuf, Grinder
D:4 Sigmund


Message History

The gnoll is no longer moving quickly.
The warg bites your gnoll bouda zombie.
Your gnoll bouda zombie closely misses the gnoll.
The gnoll closely misses you.
Your orc warrior zombie closely misses the gnoll.
The gnoll hits you but does no damage.
Your orc wizard zombie hits the gnoll but does no damage.
The warg bites your gnoll bouda zombie!
Your gnoll bouda zombie is destroyed!
You block the gnoll's attack.
You closely miss the gnoll.
The gnoll is severely wounded.
The gnoll is no longer moving quickly.
The gnoll completely misses you. The gnoll hits you but does no damage.
Your orc warrior zombie completely misses the gnoll.
Your orc wizard zombie barely misses the gnoll.
You block the gnoll's attack.
You hit the gnoll.
The gnoll writhes in agony.
The gnoll is almost dead.
The warg misses you. The gnoll hits you but does no damage.
The gnoll hits you from afar with a +0 spear.
The warg bites you!
* * * LOW HITPOINT WARNING * * *
The gnoll barely misses you.
Your orc wizard zombie hits the gnoll.
Your orc warrior zombie completely misses the gnoll.
The gnoll hits your orc wizard zombie with a +0 whip!
You barely miss the gnoll.
The gnoll is almost dead.
Your attacks no longer feel as feeble.
The warg bites you.
* * * LOW HITPOINT WARNING * * *
The gnoll hits you from afar with a +0 spear.
* * * LOW HITPOINT WARNING * * *
The gnoll hits you with a +1 flail of holy wrath.
* * * LOW HITPOINT WARNING * * *
Your orc warrior zombie hits the gnoll.
The gnoll dies!
Kikubaaqudgha accepts your kill.
The gnoll hits you from afar with a +0 spear!
You die...
Kikubaaqudgha rasps: "You have failed me!
Welcome... death!" ........$.......
Pg..............
P

#......... ... #.........
.... #........#
#...###.......$#
...............#
........g)Z).......
.........#@)Z......
#.......gh........
#.................
##+#+###.................
.........................
...................######
........................
........#.....#.........
........#.....#.........


You could see a warg, 2 gnolls, a friendly orc warrior zombie and a friendly orc
wizard zombie.

Vanquished Creatures
  A two-headed ogre (D:7)
  Maggie (D:6)
  Prince Ribbit (D:6)
  Eustachio (D:6)
  A warg (D:8)
  A water moccasin (D:6)
  A black bear (D:5)
  An orc warrior (D:8)
  A sky beast (D:6)
  An ogre (D:6)
  A bullfrog (D:6)
  A necrophage (D:5)
  2 scorpions
  4 wights (D:6)
  2 hounds
  2 orc priests
  A jelly (D:6)
  2 gnoll boudas
  2 iguanas (D:6)
  9 orc wizards
  Robin (D:2)
  17 gnolls
  5 adders
  2 shadow imps (D:5)
  A white imp (D:5)
  An ufetubus (D:5)
  4 worms
  A dart slug (D:4)
  22 orcs
  4 ball pythons
  6 bats
  8 endoplasms
  2 giant cockroaches
  23 goblins
  4 hobgoblins
  8 kobolds
  4 quokkas
  3 frilled lizards
  4 rats
156 creatures vanquished.

Vanquished Creatures (collateral kills)
  5 gnolls
  An endoplasm (D:1)
  A quokka (D:1)
7 creatures vanquished.

Vanquished Creatures (others)
  A warg zombie (D:8)
  A hound zombie (D:6)
  2 gnoll zombies (D:8)
  2 goblin zombies (D:6)
  An orc zombie (D:8)
7 creatures vanquished.

Grand Total: 170 creatures vanquished

Notes
Turn   | Place    | Note
-------+----------+-------------------------------------------
     0 | D:1      | wingedge the Human Necromancer began the quest for the Orb.
     0 | D:1      | Reached XP level 1. HP: 13/13 MP: 3/3
    72 | D:1      | Reached skill level 1 in Fighting
   219 | D:1      | Reached XP level 2. HP: 21/21 MP: 3/5
   492 | D:1      | Reached XP level 3. HP: 28/28 MP: 2/6
  1209 | D:2      | Noticed Robin
  1393 | D:2      | Killed Robin
  1394 | D:2      | Reached XP level 4. HP: 19/34 MP: 1/7
  1896 | D:2      | Found Realas's Distillery.
  1905 | D:2      | Bought a potion of curing for 42 gold pieces
  2005 | D:2      | Bought 2 potions of degeneration for 28 gold pieces
  2037 | D:2      | Learned a level 3 spell: Vampiric Draining
  2720 | D:3      | Found a runed translucent door.
  2721 | D:3      | Noticed Crazy Yiuf
  2766 | D:3      | Found a faded altar of an unknown god.
  2794 | D:3      | Reached XP level 5. HP: 41/41 MP: 2/9
  3096 | D:3      | Noticed Grinder
  3098 | D:3      | Paralysed by Grinder for 4 turns
  3104 | D:3      | Paralysed by Grinder for 4 turns
  3536 | D:4      | Reached skill level 5 in Necromancy
  3729 | D:4      | Reached XP level 6. HP: 45/47 MP: 4/11
  4334 | D:4      | Noticed Sigmund
  4413 | D:4      | Found a snail-covered altar of Cheibriados.
  4488 | D:4      | Found a glowing silver altar of Zin.
  4582 | D:5      | Entered Level 5 of the Dungeon
  4732 | D:5      | Reached XP level 7. HP: 52/52 MP: 7/13
  4822 | D:5      | Reached skill level 1 in Conjurations
  4935 | D:5      | Learned a level 1 spell: Sandblast
  4939 | D:5      | Learned a level 3 spell: Stone Arrow
  5552 | D:5      | Found a sacrificial altar of Ru.
  6024 | D:6      | Reached XP level 8. HP: 58/58 MP: 9/14
  6128 | D:6      | Noticed Prince Ribbit
  6236 | D:6      | Killed Prince Ribbit
  6326 | D:5      | Learned a level 4 spell: Animate Dead
  6576 | D:6      | Reached skill level 5 in Spellcasting
  6755 | D:6      | Found an opulent altar of Gozag.
  6768 | D:6      | Reached skill level 5 in Conjurations
  6842 | D:6      | Noticed Maggie
  6915 | D:6      | Killed Maggie
  6916 | D:6      | Reached skill level 5 in Earth Magic
  6916 | D:6      | Reached XP level 9. HP: 49/63 MP: 1/16
  7061 | D:6      | Learned a level 2 spell: Sublimation of Blood
  7116 | D:6      | Found an ancient bone altar of Kikubaaqudgha.
  7120 | D:6      | Became a worshipper of Kikubaaqudgha
  7391 | D:6      | Found a staircase to the Ecumenical Temple.
  7435 | Temple   | Entered the Ecumenical Temple
  7854 | D:6      | Found an ornate altar of the Wu Jian Council.
  7854 | D:6      | Noticed Eustachio
  7870 | D:6      | Killed Eustachio
  8189 | D:7      | Noticed a two-headed ogre
  8204 | D:7      | Killed a two-headed ogre
  8219 | D:7      | Reached XP level 10. HP: 61/70 MP: 2/17
  8482 | D:7      | Found a shimmering blue altar of Sif Muna.
  8659 | D:7      | Found a sparkling altar of Nemelex Xobeh.
  8660 | D:7      | Found a basalt altar of Yredelemnul.
  8661 | D:7      | Found a white marble altar of Elyvilon.
  8662 | D:7      | Found a glowing golden altar of the Shining One.
  9103 | D:8      | Found a staircase to the Lair.
  9127 | D:8      | Reached skill level 5 in Stealth
  9142 | D:8      | Slain by a gnoll

Illustrated notes

Levels and vault maps discovered:
D:1:      psy_arrival_spokes, layout_loops_ring
D:2:      layout_basic, serial_shops, shop_statue, minmay_3d_cube, uniq_robin
D:3:      layout_rooms, hellmonk_ecumenical_altar_arch_garden, uniq_grinder,
          uniq_crazy_yiuf_cottage
D:4:      minmay_goblin_kobold_castle, layout_gridville, zin_treasury,
          kennysheep_slug_shrine, serial_shops, shop, uniq_sigmund, uniq_pikel
D:5:      layout_basic, nicolae_ru_sacrificial_ziggurat
D:6:      layout_rooms, nicolae_wu_jian_immortal_techniques,
          mainiacjoe_overflow_large_starburst, minmay_temple_entry_fiery,
          minmay_ogre_servants, uniq_prince_ribbit1, uniq_maggie, uniq_eustachio
D:7:      layout_loops_cross, mainiacjoe_overflow_alcove_3,
          kennysheep_little_box
D:8:      layout_basic, nicolae_dithmenos_shadow_blocks,
          erik_lair_orcish_takeover, kennysheep_generic_room_16
Temple:   chequers_temple_sunken

Skill      XL: |  1  2  3  4  5  6  7  8  9 10 |
---------------+-------------------------------+-----
Fighting       | 1 2 3 4 |  4.0
Spellcasting   | 3 4 5 |  5.0
Necromancy     | 5 6 7 |  7.0
Conjurations   | 3 5 6 |  6.0
Earth Magic    | 3 5 7 |  7.0
Stealth        | 4 5 |  5.0
Dodging        | |  2.0

Action                   |  1- 3 |  4- 6 |  7- 9 | 10-12 || total
-------------------------+-------+-------+-------+-------++-------
Melee: Short sword       |     6 |       |    24 |       ||    30
       Club              |     2 |       |       |       ||     2
       Punch             |     1 |       |       |       ||     1
       Whip              |       |    24 |    52 |    13 ||    89
       Dagger            |       |     9 |       |       ||     9
       Staff             |       |       |       |     1 ||     1
Throw: Throwing net      |     1 |     1 |       |       ||     2
       Boomerang         |       |       |     2 |       ||     2
 Cast: Necrotise         |    53 |   104 |    36 |     1 ||   194
       Vampiric Draining |       |    24 |    33 |    12 ||    69
       Sandblast         |       |       |     3 |       ||     3
       Stone Arrow       |       |       |    30 |     4 ||    34
       Animate Dead      |       |       |     3 |     1 ||     4
Evoke: Wand              |       |       |     3 |       ||     3
  Use: Potion            |       |     3 |       |     4 ||     7
       Scroll            |       |       |     8 |     1 ||     9
 Stab: Held in net/web   |     1 |       |       |       ||     1
       Sleeping          |       |     1 |       |       ||     1
       Distracted        |       |       |     1 |       ||     1
Armor: Robe              |     4 |    12 |    19 |       ||    35
       Steam dragon scal |       |       |     2 |    18 ||    20
Dodge: Dodged            |     8 |    44 |    53 |    32 ||   137
Block: Buckler           |       |       |       |    10 ||    10
